 Dungeon Sprint DCSS version 0.28.0-43-g3370ac3207 (webtiles) character file.

Game seed: 16229829797712270372

2330 Arandomuser the Fencer (level 9, -1/145 HPs)
             Began as a Minotaur Berserker on Mar 18, 2022.
             Was a High Priest of Trog.
             Slain by a two-headed ogre
             ... wielding a +0 giant spiked club
              (16 damage)
             ... in the Dungeon (Sprint IX: "|||||||||||||||||||||||||||||").
             The game lasted 00:01:38 (825 turns).

Arandomuser the Fencer (Minotaur Berserker)          Turns: 825, Time: 00:01:38

Health: -1/145     AC: 10    Str: 23    XL:     9   Next: 19%
Magic:  8/8        EV: 15    Int:  4    God:    Trog [*****.]
Gold:   0          SH:  0    Dex: 16    Spells: 8/8 levels left

rFire   . . .      SeeInvis .   o - +2 scimitar (elec)
rCold   . . .      Faith    .   (no shield)
rNeg    . . .      Spirit   .   m - +2 ring mail
rPois   .          Reflect  .   (helmet restricted)
rElec   .          Harm     .   n - +0 cloak
rCorr   .          Rampage  .   (no gloves)
Will    .....      NoTele   +   (no boots)
Stlth   ..........              (no amulet)
HPRegen 0.34/turn               l - +3 ring of dexterity
MPRegen 0.11/turn               (no ring)

@: berserking (expiring), very quick
A: horns 2, retaliatory headbutt
a: Renounce Religion, Berserk, Trog's Hand, Brothers in Arms


You were in the Dungeon.
You worshipped Trog.
Trog was extremely pleased with you.
You visited 1 branch

Inventory:

Hand Weapons
 a - a +0 falchion
 o - a +2 scimitar of electrocution (weapon)
Armour
 b - a +0 animal skin
 m - a +2 ring mail (worn)
 n - a +0 cloak (worn)
Jewellery
 k - a +3 ring of intelligence
 l - a +3 ring of dexterity (left hand)
Wands
 j - a wand of iceblast (10)
Scrolls
 h - 2 scrolls of blinking
Potions
 c - 5 potions of curing
 d - 3 potions of heal wounds
 e - a potion of haste
 f - 4 potions of magic
 g - a potion of berserk rage
 i - a potion of invisibility


   Skills:
 + Level 15.4 Fighting
 + Level 16.4 Long Blades
 + Level 8.2 Armour
 + Level 8.1 Dodging
 + Level 0.8 Stealth


You had 8 spell levels left.
You didn't know any spells.
Your spell library was empty.

Dungeon Overview and Level Annotations

Branches:
Dungeon (1/1)

Altars:
Cheibriados
Dithmenos
Elyvilon
Fedhas
Gozag
Hepliaklqana
Kikubaaqudgha
Makhleb
Nemelex Xobeh
Okawaru
Qazlal
Ru
Sif Muna
Trog
Uskayaw
Vehumet
Wu Jian
Xom
Yredelemnul
Zin
The Shining One
Beogh
Jiyva
Lugonu


Innate Abilities, Weirdness & Mutations

You have a pair of horns on your head.
You reflexively headbutt those who attack you in melee.


Message History

The cyclops is lightly wounded.
The cyclops hits you!!
You slice the cyclops!! Lightning courses through the cyclops!
You headbutt the cyclops.
You feel the power of Trog in you as your rage grows.
You kill the cyclops!
Trog accepts your kill. Trog grants you a weapon!
Something appears at your feet!
You see here a +4 long sword of flaming.
Your Fighting skill increases to level 15!
Your Long Blades skill increases to level 16!
Your Dodging skill increases to level 8!
You have reached level 9!
Your experience leads to an increase in your attributes!
Your base attributes are Str 23, Int 4, Dex 11.
Increase (S)trength, (I)ntelligence, or (D)exterity?
You feel agile. x2
Deactivating autopickup; reactivate with Ctrl-A.
You slice something!! Your headbutt misses something.
Something hits you but does no damage. x2
You miss something. Your headbutt misses something.
The boulder beetle leaps!
You slice something!! Lightning courses through something!
Trog accepts your kill.
Reactivating autopickup.
You feel a bit more experienced.
Your Armour skill increases to level 8!
The two-headed ogre hits you with a +0 giant spiked club!
The two-headed ogre hits you with a +0 giant club!!
* * * LOW HITPOINT WARNING * * *
Things that are here:
3 large rocks; a cyclops corpse You hit the two-headed ogre.
The two-headed ogre is lightly wounded.
You slice the two-headed ogre!! You headbutt the two-headed ogre.
The two-headed ogre is heavily wounded.
The two-headed ogre hits you with a +0 giant spiked club!!
* * * LOW HITPOINT WARNING * * *
The two-headed ogre hits you with a +0 giant club!
You die... ▓▓▓▓▓▓▓▓▓▓▓▓▓▓▓▓▓▓▓▓▓▓ +...O@)†B.....)....[.) ▓▓▓▓▓▓▓▓▓▓▓▓▓▓▓▓▓▓▓▓▓▓

You could see a boulder beetle and a two-headed ogre.

Vanquished Creatures
  A hydra (D)
  A cyclops (D)
  An unseen horror (D)
  3 trolls (D)
  A vampire (D)
  An orc warrior (D)
  A kobold brigand (D)
  A scorpion (D)
  2 hounds (D)
  A bat skeleton (D)
  A bat zombie (D)
  An endoplasm (D)
  A giant cockroach (D)
  A goblin (D)
  2 kobolds (D)
  A ball python skeleton (D)
20 creatures vanquished.

Notes
Turn   | Place    | Note
-------+----------+-------------------------------------------
     0 | D        | Arandomuser the Minotaur Berserker began the quest for the
                  | Orb.
     0 | D        | Reached XP level 1. HP: 19/19 MP: 0/0
     5 | D        | Reached skill level 4 in Long Blades
    11 | D        | Reached ** piety under Trog
   187 | D        | Noticed a scorpion
   187 | D        | Noticed a hound
   187 | D        | Noticed a hound
   194 | D        | Killed a hound
   195 | D        | Reached skill level 6 in Long Blades
   195 | D        | Reached XP level 2. HP: 20/30 MP: 1/1
   195 | D        | Reached XP level 3. HP: 25/37 MP: 2/2
   196 | D        | Reached *** piety under Trog
   197 | D        | Reached skill level 7 in Long Blades
   197 | D        | Reached XP level 4. HP: 29/45 MP: 3/3
   198 | D        | Killed a scorpion
   199 | D        | Reached skill level 8 in Long Blades
   402 | D        | Found a snail-covered altar of Cheibriados.
   402 | D        | Found a shadowy altar of Dithmenos.
   402 | D        | Found a white marble altar of Elyvilon.
   402 | D        | Found a blossoming altar of Fedhas.
   402 | D        | Found an opulent altar of Gozag.
   403 | D        | Found a hazy altar of Hepliaklqana.
   404 | D        | Found a viscous altar of Jiyva.
   405 | D        | Found an ancient bone altar of Kikubaaqudgha.
   406 | D        | Found a corrupted altar of Lugonu.
   407 | D        | Found a burning altar of Makhleb.
   408 | D        | Found a sparkling altar of Nemelex Xobeh.
   409 | D        | Found an iron altar of Okawaru.
   410 | D        | Found a stormy altar of Qazlal.
   411 | D        | Found a sacrificial altar of Ru.
   412 | D        | Found a shimmering blue altar of Sif Muna.
   413 | D        | Found a bloodstained altar of Trog.
   414 | D        | Found a hide-covered altar of Uskayaw.
   415 | D        | Found a radiant altar of Vehumet.
   416 | D        | Found an ornate altar of the Wu Jian Council.
   417 | D        | Found a shimmering altar of Xom.
   418 | D        | Found a basalt altar of Yredelemnul.
   419 | D        | Found a glowing silver altar of Zin.
   420 | D        | Found a glowing golden altar of the Shining One.
   444 | D        | Noticed a kobold brigand
   444 | D        | Noticed an orc warrior
   444 | D        | Noticed a troll
   444 | D        | Noticed a troll
   444 | D        | Noticed a vampire
   453 | D        | Killed a vampire
   453 | D        | Reached **** piety under Trog
   454 | D        | Reached skill level 10 in Fighting
   454 | D        | Reached skill level 10 in Long Blades
   454 | D        | Reached skill level 5 in Armour
   454 | D        | Reached skill level 5 in Dodging
   454 | D        | Reached XP level 5. HP: 43/58 MP: 4/4
   454 | D        | Reached XP level 6. HP: 49/66 MP: 5/5
   457 | D        | Killed a troll
   458 | D        | Reached skill level 12 in Long Blades
   460 | D        | Killed a troll
   461 | D        | Reached skill level 13 in Long Blades
   461 | D        | Reached XP level 7. HP: 43/78 MP: 6/6
   467 | D        | HP: 2/117 [orc warrior/+0 trident (9)]
   470 | D        | Reached ***** piety under Trog
   804 | D        | Noticed a boulder beetle
   804 | D        | Noticed a two-headed ogre
   804 | D        | Noticed a cyclops
   804 | D        | Noticed a four-headed hydra
   804 | D        | Noticed a troll
   810 | D        | Killed a seven-headed hydra
   811 | D        | Reached skill level 15 in Long Blades
   811 | D        | Reached XP level 8. HP: 89/89 MP: 7/7
   816 | D        | Killed a troll
   819 | D        | Killed a cyclops
   819 | D        | Received a gift from Trog
   820 | D        | Reached skill level 15 in Fighting
   820 | D        | Reached skill level 16 in Long Blades
   820 | D        | Reached XP level 9. HP: 84/97 MP: 8/8
   822 | D        | Killed an unseen horror
   825 | D        | Slain by a two-headed ogre

Illustrated notes

Levels and vault maps discovered:
D:        linesprint [early_d, line_temple, items_1, d_10, items_2, lair_1,
          lair_end, items_3, orc_1, orc_end, items_4, d_15, swamp_1, shoals_1,
          snake_1, spider_1, d_20, vaults_1, items_5, swamp_end, shoals_end,
          snake_end, spider_end, vaults_end, d_27, items_6, zot_1, zot_end,
          crypt_end, forest_end, elf_end, slime_end, tomb_end, abyss_end,
          pan_hell_end]

Skill      XL: |  1  2  3  4  5  6  7  8  9 |
---------------+----------------------------+-----
Fighting       | 6 10 12 14 15 | 15.4
Long Blades    | 6 7 10 13 15 16 | 16.4
Armour         | 3 5 6 7 8 |  8.2
Dodging        | 3 5 6 7 8 |  8.1
Stealth        | |  0.8

Action                   |  1- 3 |  4- 6 |  7- 9 || total
-------------------------+-------+-------+-------++-------
Melee: Falchion          |    18 |    20 |    10 ||    48
       Headbutt          |     1 |     4 |     6 ||    11
       Scimitar          |       |       |    17 ||    17
Invok: Berserk           |     1 |     1 |     1 ||     3
Armor: Animal skin       |     1 |     1 |       ||     2
       Ring mail         |       |       |     4 ||     4
Dodge: Dodged            |     8 |    11 |     9 ||    28
